 Dungeon Crawl Stone Soup version 0.28.0-53-g5a82cb258f (webtiles) character file.

Game seed: 1206510426022635649

196 SanguineChosen the Skirmisher (level 5, -1/34 HPs)
             Began as a Gargoyle Fighter on July 17, 2022.
             Slain by Grinder (7 damage)
             ... while paralysed by Grinder
             ... on level 3 of the Dungeon.
             The game lasted 00:08:29 (3077 turns).

SanguineChosen the Skirmisher (Gargoyle Fighter)    Turns: 3077, Time: 00:08:30

Health: -1/34      AC: 12    Str: 22    XL:     5   Next: 74%
Magic:  5/5        EV:  2    Int:  8    God:
Gold:   131        SH:  0    Dex:  9    Spells: 4/4 levels left

rFire   . . .      SeeInvis .   r - +4 trident
rCold   . . .      Faith    .   c - +0 buckler
rNeg    + . .      Spirit   .   b - +0 scale mail
rPois   ∞          Reflect  .   (no helmet)
rElec   +          Harm     .   (no cloak)
rCorr   .          Rampage  .   (no gloves)
Will    .....                   h - +0 pair of boots
Stlth   ..........              (no amulet)
HPRegen 0.11/turn               (no ring)
MPRegen 0.09/turn               (no ring)

@: paralysed, mighty
A: sickness immunity, AC +4, negative energy resistance 1, electricity
resistance, torment resistance 1, petrification resistance
a: no special abilities


You were on level 3 of the Dungeon.
You visited 1 branch of the dungeon, and saw 4 of its levels.

You collected 131 gold pieces.

Inventory:

Hand Weapons
 a - a +0 flail
 p - a +0 flail of venom
 r - a +4 trident (weapon)
Missiles
 n - 11 poisoned darts (quivered)
Armour
 b - a +0 scale mail (worn)
 c - a +0 buckler (worn)
 h - a +0 pair of boots (worn)
Wands
 t - a wand of polymorph (3)
Scrolls
 e - a scroll of amnesia {unknown}
 f - 2 scrolls of enchant weapon {unknown}
 j - 3 scrolls of identify {unknown}
 l - 2 scrolls of silence {unknown}
 o - a scroll of noise {unknown}
 s - a scroll of teleportation {unknown}
Potions
 g - a potion of magic {unknown}
 i - a potion of attraction {unknown}
 k - a potion of mutation {unknown}
 m - a potion of curing {unknown}
 q - a potion of ambrosia {unknown}


   Skills:
 + Level 4.6 Fighting
 + Level 3.4 Maces & Flails
 + Level 1.3 Polearms
 + Level 3.8 Armour
 + Level 0.7 Dodging
 + Level 0.3 Stealth
 + Level 3.7 Shields
 + Level 0.1 Unarmed Combat


You had 4 spell levels left.
You didn't know any spells.
Your spell library contained the following spells:

 Spells                   Type           Power      Damage    Failure   Level
 Tukima's Dance           Hex            0%         N/A       99%         3
 Passage of Golubria      Tloc           0%         N/A       100%        4
 Yara's Violent Unravell  Hex/Tmut       0%         3d3       100%        5


Dungeon Overview and Level Annotations

Branches:
Dungeon (4/15)
 Temple: D:4-7

Altars:
Cheibriados
Dithmenos

Shops:
D:2 (

Annotations:
D:3 1 runed translucent door, Crazy Yiuf, Grinder


Innate Abilities, Weirdness & Mutations

You are immune to sickness and miasma.
Your stone body is resilient. (AC +4)
You are immune to poison.
You resist negative energy. (rN+)
You are resistant to electric shocks. (rElec)
You are resistant to unholy torment.
You are immune to petrification.


Message History

You puncture the rat!
You kill the rat!
No target in view!
No target in view!
No target in view!
No target in view!
No target in view!
Grinder is nearby!
Grinder says, "Just stop there for a second..."
Grinder gestures at you.
You suddenly lose the ability to move!
Grinder completely misses you. Grinder gestures at you.
Pain shoots through your body! Grinder hits you!
You writhe in agony.
You can move again.
You closely miss Grinder. Grinder hits you!
You are too injured to fight recklessly!
You feel very mighty all of a sudden. Grinder hits you but does no damage.
You barely miss Grinder. You block Grinder's attack.
You impale Grinder!!
Grinder is heavily wounded.
Grinder hits you.
You closely miss Grinder.
Grinder is heavily wounded.
Grinder barely misses you. Grinder gestures at you.
You barely resist. You barely miss Grinder.
Grinder is heavily wounded.
Grinder gestures at you.
You suddenly lose the ability to move!
Grinder gestures at you. Pain shoots through your body!
* * * LOW HITPOINT WARNING * * *
Grinder gestures at you.
You shrug off the repeated paralysis!
Grinder hits you!
You die...

........# #..####
####...)#######.....#
####(...........###)#
......######.#### #)#
#####.# #...# #.# #.#
#...#######.#
#.#...#.........#
#.#.....#.....#.##
...........5@###.#
.#.. ...#.###.#.## #
# # ##..# #..# #..#
#..# #..# #..# ...#


You could see Grinder.

Vanquished Creatures
  Ijyb (D:3)
  An orc wizard (D:3)
  Natasha (D:3)
  3 adders
  A shadow imp (D:3)
  A worm (D:2)
  2 dart slugs
  5 orcs (D:3)
  9 bats
  5 endoplasms
  3 giant cockroaches
  6 hobgoblins
  5 quokkas
  7 ball pythons
  10 goblins
  5 kobolds
  7 rats
72 creatures vanquished.

Notes
Turn   | Place    | Note
-------+----------+-------------------------------------------
     0 | D:1      | SanguineChosen the Gargoyle Fighter began the quest for the
                  | Orb.
     0 | D:1      | Reached XP level 1. HP: 14/14 MP: 1/1
   168 | D:1      | Reached XP level 2. HP: 19/20 MP: 2/2
   582 | D:1      | Reached XP level 3. HP: 7/24 MP: 3/3
  1248 | D:2      | Found Rucropu's Antique Weapon Boutique.
  1333 | D:2      | Found a snail-covered altar of Cheibriados.
  1500 | D:2      | Reached skill level 4 in Fighting
  1596 | D:2      | Reached XP level 4. HP: 25/29 MP: 4/4
  1895 | D:2      | Found a faded altar of an unknown god.
  1927 | D:2      | You fall into a shaft and drop 2 floors!
  2063 | D:3      | Noticed Grinder
  2493 | D:3      | Found a runed translucent door.
  2494 | D:3      | Noticed Crazy Yiuf
  2600 | D:3      | Noticed Ijyb
  2610 | D:3      | Killed Ijyb
  2611 | D:3      | Reached XP level 5. HP: 22/34 MP: 5/5
  2737 | D:3      | Noticed Natasha
  2748 | D:3      | Killed Natasha
  2788 | D:3      | Found a shadowy altar of Dithmenos.
  2994 | D:3      | Reached skill level 1 in Polearms
  3063 | D:3      | Paralysed by Grinder for 6 turns
  3074 | D:3      | Paralysed by Grinder for 6 turns
  3077 | D:3      | Slain by Grinder

Illustrated notes

Levels and vault maps discovered:
D:1:      saegor_arrival_simple_b, layout_rooms, serial_rivers,
          chequers_serial_rivers_micro_e, chequers_serial_rivers_micro_e,
          chequers_serial_rivers_small_b, chequers_serial_rivers_micro_d,
          minmay_misc_feat_diagonals, chequers_serial_rivers_micro_b,
          minmay_misc_feat_x, amcnicky_mini_corridor_feature
D:2:      layout_basic, serial_shops, nicolae_shop_hallway_plus, basic_altar,
          basic_ecumenical_altar
D:3:      layout_loops_ring, nicolae_dithmenos_the_darkroom,
          gammafunk_ghost_necromancy, uniq_ijyb, uniq_natasha, uniq_grinder,
          uniq_crazy_yiuf_cottage
D:4:      layout_basic, minmay_manual_mares

Skill      XL: |  1  2  3  4  5 |
---------------+----------------+-----
Maces & Flails | 3 |  3.4
Fighting       | 4 |  4.6
Polearms       | 1 |  1.3
Armour         | |  3.8
Dodging        | |  0.7
Stealth        | |  0.3
Shields        | |  3.7
Unarmed Combat | |  0.1

Action                   |  1- 3 |  4- 6 || total
-------------------------+-------+-------++-------
Melee: Flail             |   138 |    27 ||   165
       Trident           |       |    73 ||    73
       Unarmed           |       |     3 ||     3
  Use: Potion            |       |     1 ||     1
Armor: Scale mail        |    76 |    64 ||   140
       Skin              |       |     1 ||     1
Dodge: Dodged            |    77 |    52 ||   129
Block: Buckler           |    24 |    13 ||    37
